 Dungeon Crawl Stone Soup version 0.31-a0-237-g2d982f9f85 (webtiles) character file.

Game seed: 786958751937091423

775 qw the Skirmisher (level 7, 0/59 HPs)
             Began as a Minotaur Hexslinger on July 11, 2023.
             Slain by a gnoll sergeant
             ... wielding a +0 spear
              (9 damage)
             ... on level 5 of the Dungeon.
             The game lasted 00:01:32 (3380 turns).

qw the Skirmisher (Minotaur Hexslinger)             Turns: 3380, Time: 00:01:32

Health: 0/59       AC:  8    Str: 12    XL:     7   Next: 54%
Magic:  0/7        EV: 11    Int: 10    God:
Gold:   258        SH:  0    Dex: 15    Spells: 7/8 levels left

rFire   . . .        Y - +3 sling
rCold   . . .        (no shield)
rNeg    . . .        i - +1 ring mail {Will+}
rPois   .            (helmet restricted)
rElec   .            (no cloak)
rCorr   .            (no gloves)
SInv    .            e - +1 pair of boots
Will    +....        c - amulet of guardian spirit
Stlth   +            (no ring)
HPRegen 0.29/turn    (no ring)
MPRegen 0.10/turn

%: guardian spirit
@: about to teleport
A: horns 2, retaliatory headbutt
a: no special abilities


You were on level 5 of the Dungeon.
You visited 1 branch of the dungeon, and saw 5 of its levels.

You collected 258 gold pieces.


Innate Abilities, Weirdness & Mutations

You have a pair of horns on your head.
You reflexively headbutt those who attack you in melee.


   Skills:
 + Level 4.1 Fighting
 - Level 8.2 Ranged Weapons
 - Level 2.9 Armour
 - Level 2.1 Dodging
 - Level 1.0 Spellcasting
 - Level 2.0 Hexes


You had 7 spell levels left.
You knew the following spells:

 Your Spells              Type           Power      Damage    Failure   Level
a - Slow                  Hex            16%        N/A       32%         1

Your spell library contained the following spells:

 Spells                   Type           Power      Damage    Failure   Level
 Inner Flame              Hex/Fire       2%         N/A       83%         3
 Portal Projectile        Hex/Tloc       4%         N/A       83%         3
 Cause Fear               Hex            2%         N/A       97%         4

Inventory:

Hand Weapons
 Y - a +3 sling (weapon)
Armour
 e - a +1 pair of boots (worn)
 i - a +1 ring mail of willpower (worn)
Jewellery
 c - an amulet of guardian spirit (around neck)
Scrolls
 a - a scroll of identify
Potions
 b - 2 potions of haste
 d - 2 potions of curing
 f - a potion of resistance
 g - a potion of enlightenment
 h - a potion of might {unknown}
 j - a potion of mutation {unknown}

Dungeon Overview and Level Annotations

Branches:
Dungeon (5/15)
 Temple: D:4-7

Altars:

Annotations:
D:4 Eustachio


Message History

You shoot a sling bullet.
The sling bullet hits the gnoll sergeant but does no damage.
The gnoll sergeant is moderately wounded.
The gnoll sergeant closely misses you.
You shoot a sling bullet.
The sling bullet hits the iguana but does no damage.
The gnoll sergeant barely misses you. The iguana bites you.
The gnoll sergeant hits you from afar with a +0 spear.
The iguana bites you!
You shoot a sling bullet.
The sling bullet barely misses the iguana.
The gnoll sergeant hits you from afar with a +0 spear.
The iguana barely misses you.
You shoot a sling bullet. The sling bullet hits the iguana.
The iguana is moderately wounded.
The gnoll sergeant barely misses you.
The iguana bites you but does no damage.
You shoot a sling bullet.
The sling bullet closely misses the iguana.
The iguana bites you! The gnoll sergeant misses you.
You shoot a sling bullet.
The sling bullet completely misses the iguana.
The gnoll sergeant hits you from afar with a +0 spear.
The iguana misses you. You furiously retaliate!
You headbutt the iguana. You shoot a sling bullet.
The sling bullet hits the iguana.
The iguana is heavily wounded.
The gnoll sergeant completely misses you.
The iguana barely misses you.
You shoot a sling bullet. The sling bullet hits the iguana.
The iguana is severely wounded.
The iguana bites you!
The gnoll sergeant hits you but does no damage.
You shoot a sling bullet. The sling bullet hits the iguana.
The iguana is almost dead.
The iguana bites you! The gnoll sergeant barely misses you.
3380 ||| READING scroll of teleportation.
As you read the scroll of teleportation, it crumbles to dust.
You feel strangely unstable.
The gnoll sergeant hits you from afar with a +0 spear!
You die...

#........# #.# #........#
#.# #........# .# #.#
#.....######## #.# #.#
#.....# ..... #.# #.#
#.....# ...... #.######.#
#.....# #~~..g###.##.....#
####..+ ~..~..'.#.##.#####
#.....+ ~.$¤..l@...#.#
#...<.# .~¤#..#....#.#
#.....# .... ###.##.#####
#.....# .... #<#........#
+.....###########.....###.#
#.................##### #)#
................###### #.#
....#.###..##...# #.# #.#
.... .. #.....### #.# #.#


You could see a gnoll sergeant and an iguana.

Vanquished Creatures
  Grinder (D:3)
  A black bear (D:5)
  2 ogres (D:4)
  A scorpion (D:4)
  Jessica (D:3)
  Terence (D:3)
  An iguana (D:2)
  An orc wizard (D:2)
  Robin (D:4)
  A gnoll (D:1)
  2 adders
  3 worms
  6 dart slugs
  6 orcs (D:3)
  7 ball pythons
  10 bats
  5 endoplasms
  6 giant cockroaches
  15 goblins
  10 hobgoblins
  A quokka (D:5)
  4 frilled lizards
  8 kobolds
  6 rats
100 creatures vanquished.

Notes
Turn   | Place    | Note
-------+----------+-------------------------------------------
     0 | D:1      | qw the Minotaur Hexslinger began the quest for the Orb.
     0 | D:1      | Reached XP level 1. HP: 16/16 MP: 1/1
     0 | D:1      | 0 ||| qw: Version: 0.3-a-52-g30416fa
     0 | D:1      | 0 ||| qw: Game counter: 5559
     0 | D:1      | 0 ||| qw: Melee chars always use a shield: true
     0 | D:1      | 0 ||| qw: God list: Okawaru
     0 | D:1      | 0 ||| qw: Allow faded altars: false
     0 | D:1      | 0 ||| qw: Do Orc after clearing Dungeon:15 true
     0 | D:1      | 0 ||| qw: Do second Lair branch before Depths: true
     0 | D:1      | 0 ||| qw: Lair rune preference: random
     0 | D:1      | 0 ||| qw: Goals: Normal
     0 | D:1      | 0 ||| PLANNING D:1-11
    66 | D:1      | Reached skill level 3 in Ranged Weapons
    66 | D:1      | Reached XP level 2. HP: 16/23 MP: 2/2
   256 | D:1      | Reached XP level 3. HP: 28/29 MP: 3/3
   609 | D:1      | 609 ||| UPGRADING to +0 ring mail.
   619 | D:1      | 619 ||| DROPPING +0 robe.
   620 | D:1      | 620 ||| UPGRADING to +1 ring mail of willpower.
   630 | D:1      | 630 ||| DROPPING +0 ring mail.
   631 | D:1      | 631 ||| READING 4 scrolls labelled BAIS BURIAREI.
   632 | D:1      | 632 ||| READING scroll labelled DEUDDULOPIO.
   687 | D:1      | 687 ||| READING scroll labelled JERAEL WOROSAMODOR.
   688 | D:1      | 688 ||| READING scroll labelled CYJARI KENI.
   689 | D:1      | 689 ||| DRINKING 2 bubbling orange potions.
   697 | D:1      | 697 ||| DRINKING 2 orange potions.
   698 | D:1      | 698 ||| DRINKING 2 black potions.
   699 | D:1      | 699 ||| DROPPING scroll of poison.
   700 | D:1      | 700 ||| DROPPING potion of ambrosia.
   701 | D:1      | 701 ||| DROPPING potion of attraction.
   858 | D:2      | Reached skill level 4 in Ranged Weapons
   865 | D:2      | Reached skill level 1 in Armour
   910 | D:2      | 910 ||| READING scroll of enchant weapon.
   910 | D:2      | 910 ||| ENCHANTING +2 sling.
  1253 | D:2      | 1253 ||| READING scroll labelled GECSEASTOE.
  1258 | D:2      | 1258 ||| READING 3 scrolls of identify.
  1258 | D:2      | 1258 ||| IDENTIFYING white potion
  1259 | D:2      | 1259 ||| READING 2 scrolls of identify.
  1259 | D:2      | 1259 ||| IDENTIFYING sedimented cyan potion
  1279 | D:3      | Reached XP level 4. HP: 36/36 MP: 4/4
  1284 | D:3      | 1284 ||| STAIRDANCE
  1388 | D:3      | 1388 ||| STAIRDANCE
  1401 | D:2      | HP: 8/36 [something (3)]
  1404 | D:2      | Reached skill level 5 in Ranged Weapons
  1632 | D:3      | Reached XP level 5. HP: 41/41 MP: 5/5
  1633 | D:3      | Noticed Terence
  1646 | D:3      | Killed Terence
  1655 | D:3      | Reached skill level 3 in Fighting
  1848 | D:3      | Noticed Jessica
  1857 | D:3      | Killed Jessica
  1885 | D:3      | Noticed Grinder
  1900 | D:3      | Paralysed by Grinder for 5 turns
  1917 | D:3      | Paralysed by Grinder for 4 turns
  1933 | D:3      | Killed Grinder
  1934 | D:3      | Reached skill level 7 in Ranged Weapons
  1934 | D:3      | Reached XP level 6. HP: 45/51 MP: 6/6
  2037 | D:3      | 2037 ||| DROPPING +0 robe of cold resistance.
  2038 | D:3      | 2038 ||| UPGRADING to amulet of guardian spirit.
  2043 | D:3      | 2043 ||| READING scroll labelled JALIUGRAISU.
  2044 | D:3      | 2044 ||| READING 2 scrolls of identify.
  2044 | D:3      | 2044 ||| IDENTIFYING ruby potion
  2218 | D:4      | Noticed Robin
  2224 | D:4      | Killed Robin
  2282 | D:4      | Reached XP level 7. HP: 59/59 MP: 7/7
  2542 | D:4      | HP: 7/59 [ogre/+0 giant club (24)]
  2543 | D:4      | 2543 ||| READING scroll of teleportation.
  2544 | D:4      | 2544 ||| DRINKING 2 potions of heal wounds.
  2545 | D:4      | 2545 ||| DRINKING potion of heal wounds.
  2546 | D:4      | Reached skill level 8 in Ranged Weapons
  3057 | D:4      | 3057 ||| UPGRADING to +1 pair of boots.
  3062 | D:4      | 3062 ||| READING scroll labelled PUIRAHEXAST.
  3063 | D:4      | 3063 ||| READING scroll labelled RAMPUM SATUFF.
  3164 | D:4      | 3164 ||| DRINKING 2 coppery potions.
  3182 | D:5      | Entered Level 5 of the Dungeon
  3182 | D:5      | Noticed Eustachio
  3191 | D:5      | 3191 ||| STAIRDANCE
  3379 | D:5      | HP: 9/59 [iguana (9)]
  3380 | D:5      | 3380 ||| READING scroll of teleportation.
  3380 | D:5      | Slain by a gnoll sergeant

Levels and vault maps discovered:
D:1:      minmay_arrival_stone_box, layout_basic, minmay_curled_crystal,
          chequers_serial_rivers_micro_d
D:2:      layout_basic, hangedman_glass_teeth
D:3:      layout_rooms, hex_medium, uniq_grinder, uniq_terence, uniq_jessica
D:4:      layout_cave_pods, serial_park_tiny_1, hangedman_decor_lopped,
          uniq_robin
D:5:      layout_basic, temple_doors_cd, kennysheep_generic_room_7,
          uniq_eustachio

Skill      XL: |  1  2  3  4  5  6  7 |
---------------+----------------------+-----
Ranged Weapons | 3 4 5 7 8 |  8.2
Fighting       | 2 3 4 |  4.1
Armour         | 1 2 |  2.9
Dodging        | |  2.1
Spellcasting   | |  1.0
Hexes          | |  2.0

Action                     |  1- 3 |  4- 6 |  7- 9 || total
---------------------------+-------+-------+-------++-------
   Fire: Sling             |   116 |   173 |    58 ||   347
    Use: Scroll            |     8 |     2 |     4 ||    14
         Potion            |     3 |       |     3 ||     6
 Armour: Robe              |     6 |       |       ||     6
         Ring mail         |     8 |    30 |     7 ||    45
  Dodge: Dodged            |    35 |    45 |    15 ||    95

Table legend:
 A = Non-vault XP
 B = Vault XP
 C = Vault XP percentage of total XP
 D = Non-vault monster count
 E = Vault monster count
 F = Vault count percentage of total count
                 A         B        C        D         E       F
            +---------+---------+-------+---------+---------+-------
      Total |     715 |     393 |  35.5 |      84 |      16 |  16.0
            +---------+---------+-------+---------+---------+-------
        D:1 |      54 |       0 |   0.0 |      25 |       0 |   0.0
        D:2 |     113 |       0 |   0.0 |      19 |       0 |   0.0
        D:3 |      64 |     354 |  84.7 |      25 |       3 |  10.7
        D:4 |     356 |      39 |   9.9 |      13 |      13 |  50.0
        D:5 |     128 |       0 |   0.0 |       2 |       0 |   0.0
            +---------+---------+-------+---------+---------+-------
